 Dungeon Crawl Stone Soup version 0.26.0-10-g1f06aea511 (webtiles) character file.

Game seed: 7022433939521901364

254 Arthanis the Firebug (level 5, -11/28 HPs)
             Began as a Deep Elf Fire Elementalist on Jan 19, 2021.
             Engulfed by a cloud of flame (21 damage)
             ... on level 4 of the Dungeon.
             The game lasted 00:04:18 (4096 turns).

Arthanis the Firebug (Deep Elf Fire Elementalist)   Turns: 4096, Time: 00:04:18

Health: -11/28     AC:  2    Str:  5    XL:     5   Next: 90%
Magic:  14/14      EV: 13    Int: 27    God:
Gold:   181        SH:  0    Dex: 15    Spells: 0/13 levels left

rFire    . . .     SeeInvis .   m - +0 short sword
rCold    . . .     Faith    .   (no shield)
rNeg     . . .     Spirit   .   a - +0 robe
rPois    .         Reflect  .   (no helmet)
rElec    .         Harm     .   (no cloak)
rCorr    .         Rampage  .   (no gloves)
Will     .....                  (no boots)
Stlth    +++.......             (no amulet)
HPRegen  0.09/turn              k - ring of stealth
MPRegen  0.14/turn              o - +6 ring of intelligence

@: no status effects
A: no striking features
a: no special abilities


You were on level 4 of the Dungeon.
You visited 1 branch of the dungeon, and saw 4 of its levels.

You collected 181 gold pieces.

Inventory:

Hand Weapons
 m - a +0 short sword (weapon)
Armour
 a - a +0 robe (worn)
Jewellery
 k - a ring of stealth (left hand)
 o - a +6 ring of intelligence (right hand)
Scrolls
 c - 2 scrolls of remove curse {unknown}
 d - a scroll of amnesia {unknown}
 h - a scroll of teleportation {unknown}
 j - 2 scrolls of blinking {unknown}
 n - a scroll of noise {unknown}
Potions
 b - a potion of haste {unknown}
 e - a potion of flight {unknown}
 f - 2 potions of berserk rage {unknown}
 g - 2 potions of heal wounds {unknown}
 i - 2 potions of might {unknown}
 l - a potion of brilliance {unknown}
 p - a potion of resistance


   Skills:
 - Level 2.4 Dodging
 - Level 2.4 Stealth
 + Level 4.8 Spellcasting
 + Level 3.3 Conjurations
 * Level 5.7 Fire Magic


You couldn't memorise any spells.
You knew the following spells:

 Your Spells              Type           Power        Failure   Level
a - Foxfire               Conj/Fire      100%         1%          1
b - Conjure Flame         Conj/Fire      30%          3%          3
c - Sticky Flame          Conj/Fire      30%          12%         4
d - Fireball              Conj/Fire      15%          32%         5

Your spell library contained the following spells:

 Spells                   Type           Power        Failure   Level
 Inner Flame              Hex/Fire       21%          7%          3


Dungeon Overview and Level Annotations

Branches:
Dungeon (4/15)
 Temple: D:4-7

Altars:

Annotations:
D:4 1 transporter


Message History

You start resting.
Magic restored.
You start resting.
HP restored.
You open the gate.
A fire bat comes into view.
Found four items.
Found a transporter.
You feel clever.
o - a +6 ring of intelligence (right hand) Really walk into that cloud of flame?
Okay, then.
Really walk into a travel-excluded area?
A fire bat comes into view.
The fire bat bites you but does no damage.
There is an open gate here.
You are engulfed in blazing flames.
The fire bat bites you.
You are engulfed in flames.
The fire bat barely misses you.
You are engulfed in blazing flames.
Ouch! That really hurt!
You die...

.# .## ..# #.# #.#
####### #.#
########☼○○○○# #.#
####○°○○○°#.°°°°#### #.#
#..#○☼°☼○°#b°b○☼#...
#.###..#☼°#.#.'☼@.$=#..#
#.##..©#°°©...'○○.?©#©.l
#§#....#.°#.#.☼○○.$?#...
#.†.<..#○°○○○☼#°°°☼.#.#.
#......#○°☼☼○°#.○☼☼☼#.#
##.....########☼°°☼○# ..
##...## ####### . ##.##
#.#


You could see 2 fire bats and an iguana (wandering).

Vanquished Creatures
  A centaur (D:3)
  Jessica (D:2)
  A worker ant (D:4)
  An adder (D:3)
  3 oozes
  A worm (D:2)
  3 dart slugs
  12 orcs (D:3)
  A giant cockroach (D:2)
  7 goblins
  12 hobgoblins
  6 jackals (D:1)
  6 kobolds
  A quokka (D:2)
  9 bats
  6 frilled lizards
  8 rats
79 creatures vanquished.

Vanquished Creatures (others)
  365 foxfires
365 creatures vanquished.

Grand Total: 444 creatures vanquished

Notes
Turn   | Place    | Note
-------+----------+-------------------------------------------
     0 | D:1      | Arthanis the Deep Elf Fire Elementalist began the quest for
                  | the Orb.
     0 | D:1      | Reached XP level 1. HP: 10/10 MP: 6/6
   141 | D:1      | Reached XP level 2. HP: 4/15 MP: 0/8
   682 | D:1      | Reached skill level 4 in Fire Magic
   861 | D:1      | Reached XP level 3. HP: 19/19 MP: 7/10
   865 | D:1      | Learned a level 3 spell: Conjure Flame
  1219 | D:1      | You fall into a shaft and drop 1 floor!
  2056 | D:2      | Noticed Jessica
  2073 | D:2      | Killed Jessica
  2074 | D:2      | Reached XP level 4. HP: 24/24 MP: 2/11
  2084 | D:2      | Learned a level 4 spell: Sticky Flame
  3088 | D:3      | Reached skill level 5 in Fire Magic
  3389 | D:3      | Reached XP level 5. HP: 27/28 MP: 9/13
  3673 | D:3      | Noticed a centaur
  3684 | D:3      | Killed a centaur
  3939 | D:3      | Learned a level 5 spell: Fireball
  3955 | D:4      | Found a transporter.
  4088 | D:4      | Found a transporter.
  4088 | D:4      | Noticed a fire bat
  4094 | D:4      | Noticed a fire bat
  4096 | D:4      | Engulfed by a cloud of flame

Illustrated notes

Levels and vault maps discovered:
D:1:      dpeg_arrival_radiant, layout_basic
D:2:      layout_loops_ring, uniq_jessica
D:3:      layout_loops_cross, serial_park_tiny_2, kennysheep_nondescript
D:4:      gammafunk_cloud_chamber, layout_loops_ring, uniq_eustachio

Skill      XL: |  1  2  3  4  5 |
---------------+----------------+-----
Fire Magic     | 4 5 |  5.7
Conjurations   | 2 3 |  3.3
Spellcasting   | 4 |  4.8
Dodging        | |  2.4
Stealth        | |  2.4

Action                   |  1- 3 |  4- 6 || total
-------------------------+-------+-------++-------
Melee: Unarmed           |     3 |       ||     3
       Short sword       |       |     3 ||     3
 Cast: Foxfire           |   118 |   114 ||   232
Armor: Robe              |     9 |     6 ||    15
Dodge: Dodged            |    25 |    16 ||    41
